 Dungeon Crawl Stone Soup version 0.25-a0-589-g1e14c549ee (webtiles) character file.

Game seed: 15348628364122551415, levelgen mode: deterministic

1848 wullow the Shield-Bearer (level 8, -2/63 (64) HPs)
             Began as a Demonspawn Fighter on Mar 11, 2020.
             Was a Believer of Okawaru.
             Slain by a killer bee (7 damage)
             ... on level 7 of the Dungeon.
             The game lasted 00:17:20 (6302 turns).

wullow the Shield-Bearer (Demonspawn Fighter)       Turns: 6302, Time: 00:17:21

HP:   -2/63 (64)    AC:  8    Str: 18    XL:     8   Next: 88%
MP:   8/8           EV:  9    Int: 10    God:    Okawaru [**....]
Gold: 467           SH: 14    Dex: 13    Spells: 7/7 levels left

rFire    . . .     SeeInvis .   a - +0 rapier
rCold    . . .     Gourm    .   c - +0 kite shield
rNeg     + . .     Faith    .   D - +3 leather armour
rPois    .         Spirit   .   (helmet restricted)
rElec    .         Reflect  .   (no cloak)
rCorr    .         Harm     .   x - +0 pair of gloves
MR       .....                  H - +0 pair of boots
Stlth    +.........             (no amulet)
HPRegen  0.20/turn              I - ring of positive energy
MPRegen  0.11/turn              (no ring)

@: lethally poisoned (-2 -> -14)
A: horns 2, large bone plates 1, demonic guardian 1, spiny 1
a: Heroism, Renounce Religion


You were on level 7 of the Dungeon.
You worshipped Okawaru.
Okawaru was pleased with you.
You were not hungry.

You visited 2 branches of the dungeon, and saw 8 of its levels.

You collected 467 gold pieces.

Inventory:

Hand Weapons
 a - a +0 rapier (weapon)
 o - a +2 falchion of draining
 t - a +0 short sword
 z - a +2 whip of electrocution
 C - a +2 dagger of draining
Missiles
 i - 218 stones (quivered)
 p - 109 sling bullets
 L - 14 poisoned darts
Armour
 c - a +0 kite shield (worn)
 x - a +0 pair of gloves (worn)
 D - a +3 leather armour (worn)
 E - a +2 robe of magic resistance
 H - a +0 pair of boots (worn)
 K - a +1 ring mail of fire resistance
Jewellery
 I - a ring of positive energy (left hand)
Scrolls
 j - 3 scrolls of teleportation {unknown}
 l - 3 scrolls of remove curse {unknown}
 m - 2 scrolls of amnesia {unknown}
 n - 3 scrolls of enchant armour {unknown}
 r - 5 scrolls of identify
 s - a scroll of fear {unknown}
 u - a scroll of immolation {unknown}
 y - 4 scrolls of noise {unknown}
 B - a scroll of random uselessness {unknown}
 F - a scroll of blinking {unknown}
 G - 3 scrolls of magic mapping {unknown}
 M - a scroll of enchant weapon {unknown}
Potions
 b - a potion of degeneration
 e - 5 potions of curing {unknown}
 g - 4 potions of heal wounds {unknown}
 h - 2 potions of mutation {unknown}
 k - 3 potions of magic {unknown}
 q - a potion of berserk rage {unknown}
 v - a potion of brilliance {unknown}
 w - 4 potions of stabbing {unknown}
 A - 2 potions of lignification {unknown}
 J - a potion of resistance {unknown}
Comestibles
 d - a chunk of flesh
 f - a ration


   Skills:
 + Level 5.9 Fighting
 * Level 6.8 Short Blades
 - Level 3.0 Armour
 * Level 7.1 Shields


You had 7 spell levels left.
You didn't know any spells.
Your spell library contained the following spells:

 Spells                   Type           Power        Failure   Level  Hunger
 Beastly Appendage        Tmut           #.....       77%         1    ##.....
 Magic Dart               Conj           #...         77%         1    ##.....
 Searing Ray              Conj           #.....       88%         2    ###....
 Sticks to Snakes         Tmut           #.......     88%         2    ###....
 Dazzling Flash           Conj/Hex       #.....       98%         3    ####...
 Spider Form              Tmut/Pois      #.........   98%         3    ####...
 Fulminant Prism          Conj/Hex       #.........   100%        4    #####..
 Ice Form                 Ice/Tmut       #.......     100%        4    #####..
 Iskenderun's Mystic Bla  Conj/Tloc      #.......     100%        4    #####..
 Blade Hands              Tmut           #.........   100%        5    ######.


Dungeon Overview and Level Annotations

Branches:
Dungeon (7/15)             Temple (1/1) D:7

Altars:
Ashenzari
Cheibriados
Dithmenos
Elyvilon
Fedhas
Gozag
Hepliaklqana
Kikubaaqudgha
Makhleb
Nemelex Xobeh
Okawaru
Qazlal
Ru
Sif Muna
Trog
Vehumet
Wu Jian
Yredelemnul
Zin
The Shining One

Annotations:
D:5 1 runed translucent door, bmj180's ghost, novice HOFi
D:7 Joseph


Innate Abilities, Weirdness & Mutations

You have a pair of horns on your head.
You are partially covered in large bone plates. (SH +4)
A weak demonic guardian rushes to your aid.
You are partially covered in sharp spines.


Message History

You block the killer bee's attack.
You feel sick. You block the killer bee's attack.
* * * LOW HITPOINT WARNING * * *
You feel sick. You block the killer bee's attack.
* * * LOW HITPOINT WARNING * * *
You feel sick.
The killer bee stings you but does no damage.
You block the killer bee's attack.
* * * LOW HITPOINT WARNING * * *
You feel sick. You block the killer bee's attack.
Unknown command.
* * * LOW HITPOINT WARNING * * *
You feel sick.
The killer bee is struck by your spines.
The killer bee stings you!
* * * LOW HITPOINT WARNING * * *
You block the killer bee's attack. x2
* * * LOW HITPOINT WARNING * * *
You feel sick. You block the killer bee's attack. The killer bee stings you!
You die...

......<..##....####..####.(..#
.........##......#... ###@.#
.........##.........### #...#
.)......## #..........####(..#
........# #...........##....###
........# #...........#†.....#
........## ##........@..†.....##
.........## ##..y.....#........#
..........#####.@yy...###.......#
...........##...#........#......#
..........|...########......>....
.........(÷..## ####.......
.............# ##......
.............# ##....#
.............# ######
............## ...........##


You could see Joseph and 3 killer bees.

Vanquished Creatures
  A steam dragon (D:7)
  A water moccasin (D:7)
  An ice beast (D:7)
  A sky beast (D:5)
  A necrophage (D:5)
  An ogre (D:7)
  A phantom (D:7)
  2 centaurs
  A scorpion (D:7)
  3 killer bees (D:7)
  A howler monkey (D:5)
  2 hounds (D:7)
  3 jellies
  A bullfrog skeleton (D:5)
  An iguana (D:7)
  Natasha (D:3)
  An orc wizard (D:3)
  3 worker ants
  2 hound skeletons (D:7)
  7 adders
  A worm (D:3)
  3 dart slugs
  5 leopard geckos
  6 orcs
  11 giant cockroaches
  6 goblins
  6 hobgoblins
  10 jackals
  4 quokkas
  A ball python (D:2)
  7 bats
  8 frilled lizards
  A jackal skeleton (D:3)
  7 kobolds
  A quokka skeleton (D:5)
  10 rats
122 creatures vanquished.

Vanquished Creatures (collateral kills)
  Pikel (D:4)
  A scorpion (D:5)
  A crimson imp (D:7)
  A hound (D:7)
  Natasha (D:3)
  A worker ant (D:3)
6 creatures vanquished.

Vanquished Creatures (others)
  A scorpion (D:7)
  2 worker ants (D:7)
  2 withered plants (D:5)
5 creatures vanquished.

Grand Total: 133 creatures vanquished

Notes
Turn   | Place    | Note
-------+----------+-------------------------------------------
     0 | D:1      | wullow the Demonspawn Fighter began the quest for the Orb.
     0 | D:1      | Reached XP level 1. HP: 18/18 MP: 1/1
    91 | D:1      | Gained mutation: You have a pair of small horns on your
                  | head. [demonic ancestry]
    91 | D:1      | Reached XP level 2. HP: 20/24 MP: 2/2
   324 | D:1      | Reached skill level 3 in Shields
   485 | D:1      | Reached XP level 3. HP: 22/29 MP: 3/3
   872 | D:2      | Found a burning altar of Makhleb.
   872 | D:2      | Found an ancient bone altar of Kikubaaqudgha.
   880 | D:2      | Found a sparkling altar of Nemelex Xobeh.
   898 | D:2      | Found an ornate altar of the Wu Jian Council.
  1519 | D:2      | Gained mutation: You are partially covered in large bone
                  | plates. (SH +4) [demonic ancestry]
  1519 | D:2      | Reached XP level 4. HP: 35/35 MP: 4/4
  1764 | D:2      | Found an opulent altar of Gozag.
  2626 | D:3      | Gained mutation: A weak demonic guardian rushes to your
                  | aid. [demonic ancestry]
  2626 | D:3      | Reached XP level 5. HP: 41/41 MP: 5/5
  2714 | D:3      | Found a shadowy altar of Dithmenos.
  2838 | D:3      | Reached skill level 4 in Shields
  3288 | D:3      | Noticed Natasha
  3372 | D:3      | Killed Natasha
  3480 | D:3      | Noticed Natasha
  3487 | D:3      | Killed Natasha
  3956 | D:4      | Gained mutation: You are partially covered in sharp spines.
                  | [demonic ancestry]
  3956 | D:4      | Reached XP level 6. HP: 47/48 MP: 6/6
  3959 | D:4      | Noticed a slave
  3960 | D:4      | Noticed a slave
  3961 | D:4      | Noticed Pikel
  3970 | D:4      | Noticed a slave
  3970 | D:4      | Noticed a slave
  4047 | D:4      | Killed Pikel
  4047 | D:4      | Reached skill level 5 in Shields
  4047 | D:4      | Gained mutation: You have a pair of horns on your head.
                  | [demonic ancestry]
  4047 | D:4      | Reached XP level 7. HP: 39/55 MP: 7/7
  4436 | D:5      | Entered Level 5 of the Dungeon
  4440 | D:5      | Found an iron altar of Okawaru.
  4456 | D:5      | Found a runed translucent door.
  4460 | D:5      | Became a worshipper of Warmaster Okawaru
  4482 | D:5      | Reached skill level 5 in Short Blades
  4515 | D:5      | Noticed bmj180's ghost (novice HOFi)
  4789 | D:5      | Found a bloodstained altar of Trog.
  5128 | D:6      | Reached * piety under Okawaru
  5128 | D:6      | Reached skill level 5 in Fighting
  5186 | D:6      | Found a blossoming altar of Fedhas.
  5204 | D:6      | Found a radiant altar of Vehumet.
  5290 | D:6      | Reached XP level 8. HP: 51/61 MP: 8/8
  5403 | D:6      | Found a white marble altar of Elyvilon.
  5660 | D:7      | Reached skill level 6 in Shields
  5731 | D:7      | Found a staircase to the Ecumenical Temple.
  5747 | Temple   | Entered the Ecumenical Temple
  5988 | D:7      | Noticed Joseph
  6168 | D:7      | Reached skill level 7 in Shields
  6241 | D:7      | Reached ** piety under Okawaru
  6302 | D:7      | Slain by a killer bee

Levels and vault maps discovered:
D:1:      beargit_arrival_greenhouse, layout_basic, amethyst_killhole
D:2:      layout_basic, nicolae_gozag_seed_capital,
          chequers_temple_overflow_statue_of_worship
D:3:      minmay_razor_zed, layout_loops_ring, nicolae_dithmenos_shadow_blocks,
          uniq_natasha
D:4:      layout_loops_ring, first_ration, uniq_pikel
D:5:      layout_basic, okawaru_ov_weapons_minmay, bloody_trog,
          gammafunk_ghost_grave, minmay_between
D:6:      layout_basic, vehumet_crystals, basic_altar, fedhas_altar_1
D:7:      layout_cave_pods, xom_confusion_cloud, minmay_temple_entry_hall,
          grunt_livestock, uniq_joseph
Temple:   hc_temple_tempest_star

Skill      XL: |  1  2  3  4  5  6  7  8 |
---------------+-------------------------+-----
Short Blades   | 2 3 4 5 6 |  6.8
Shields        | 3 4 5 7 |  7.1
Armour         | 3 |  3.0
Fighting       | 4 5 |  5.9

Action                   |  1- 3 |  4- 6 |  7- 9 || total
-------------------------+-------+-------+-------++-------
Melee: Rapier            |    50 |   176 |   155 ||   381
       Dagger            |   134 |       |       ||   134
       Headbutt          |    26 |    35 |    27 ||    88
  Use: Scroll            |       |       |     1 ||     1
       Potion            |       |       |     1 ||     1
 Stab: Distracted        |       |       |     3 ||     3
  Eat: Chunk             |     2 |     5 |     4 ||    11
       Ration            |       |     1 |     1 ||     2
Armor: Scale mail        |    63 |    27 |       ||    90
       Leather armour    |       |    16 |    28 ||    44
Dodge: Dodged            |    48 |    29 |    44 ||   121
Block: Kite shield       |    97 |   114 |   147 ||   358

Table legend:
 A = Non-vault XP
 B = Vault XP
 C = Vault XP percentage of total XP
 D = Non-vault monster count
 E = Vault monster count
 F = Vault count percentage of total count
                 A         B        C        D         E       F
            +---------+---------+-------+---------+---------+-------
      Total |    1984 |     657 |  24.9 |     110 |      18 |  14.1
            +---------+---------+-------+---------+---------+-------
        D:1 |      56 |       0 |   0.0 |      33 |       0 |   0.0
        D:2 |      65 |       0 |   0.0 |      22 |       0 |   0.0
        D:3 |     139 |      82 |  37.1 |      15 |      13 |  46.4
        D:4 |      46 |     432 |  90.4 |       6 |       1 |  14.3
        D:5 |     490 |       2 |   0.4 |      13 |       1 |   7.1
        D:6 |     128 |       0 |   0.0 |       2 |       0 |   0.0
        D:7 |    1060 |     141 |  11.7 |      19 |       3 |  13.6
            +---------+---------+-------+---------+---------+-------
